[Event "24th Hoogeschool Zeeland 2022"]
[Site "Vlissingen"]
[Date "2022.08.10"]
[Round "5.18"]
[White "Marzano, Carlo"]
[Black "Bruil, Rembrandt"]
[Result "1-0"]
[ECO "E12"]
[WhiteElo "2079"]
[BlackElo "2204"]
[Annotator "TA"]
[PlyCount "195"]
[EventDate "2022.08.05"]
[EventType "swiss"]
[EventCountry "NED"]
[SourceTitle "playchess.com"]
[Source "ChessBase"]
[SourceQuality "1"]
[TimeControl "40/5400+30:1800+30"]

1. d4 Nf6 2. Nf3 e6 3. c4 b6 4. a3 Bb7 5. Nc3 g6 6. Qc2 Bg7 {[%emt 0:00:41] 6...Bg7 scores better than 6...Bxf3.} 7. e4 d6 8. Be2 {[%emt 0:00:52] E12: Queen's Indian: Unusual White 4th moves, 4 a3, 4 Nc3 Bb7 5 a3 and 4 Nc3 Bb7 .} Nbd7 9. O-O O-O 10. Be3 {[%emt 0:07:37] White is slightly better.} Qe7 11. Rab1 {[%emt 0:10:29] [#]} c5 $146 ({Predecessor:} 11... a6 12. b4 Rab8 13. Rfe1 Rfc8 14. h3 h6 15. d5 c6 16. dxe6 Qxe6 17. c5 dxc5 18. bxc5 {½-½ (32) Juhasz,A (2388)-Polak,T (2505) Austria 2016}) 12. d5 e5 13. Ne1 Ne8 14. Nd3 Bc8 15. b4 f5 16. f3 f4 17. Bf2 Ndf6 18. Na4 Nd7 $1 19. Rb2 g5 20. Rfb1 Rf7 21. Qd2 Bf8 22. bxc5 (22. Nc3 $14) 22... dxc5 $11 23. Qc2 h5 (23... Nd6 $11) 24. Kh1 (24. Nc3 $14) 24... Rg7 25. Nc3 g4 26. a4 g3 27. Bg1 gxh2 28. Bf2 (28. Bxh2 $11 Qh4 29. Bd1) 28... Qg5 $15 29. Bf1 h4 30. Ne2 $1 Nef6 31. a5 $1 Nh5 32. Qc1 Be7 33. Kxh2 (33. Ra1 $11 bxa5 34. Rxa5) 33... Ng3 34. Ng1 Bd8 ({Better is} 34... Ba6 $17 {[%cal Oa6c4] Strongly threatening ...Bxc4!} 35. Nh3 Qg6 36. Bxg3 hxg3+ 37. Kg1 bxa5) 35. Nh3 {[%emt 0:00:48] The board is on fire.} Qh5 36. Qd1 Qg6 37. Bg1 Bc7 (37... Nxf1+ 38. Qxf1 Bc7 39. Bf2 $11) 38. Qa4 $2 (38. Bf2 $15) 38... Nf6 $19 39. Qc6 $2 (39. axb6 Nxf1+ 40. Rxf1 Bxh3 41. Qa2) 39... Nxf1+ $2 (39... Rb8 $19 40. Rf2 Kh8) 40. Rxf1 $17 Qg3+ $4 (40... Bxh3 41. Qxa8+ Kh7 42. Ne1 $16) (40... Rb8 $17 {keeps the pressure on.} 41. Kh1 bxa5 42. Qxc7 Rxc7 43. Rxb8 Nd7) 41. Kh1 $18 Rb8 42. Bh2 $1 ({Stronger than} 42. Qxf6 Bxh3 43. Rff2 Rg6 44. Qxg6+ (44. Qe7 Rg7 $11) 44... Qxg6 $11) (42. Nhxf4 exf4 43. Qxf6 h3 $14) 42... Qg6 43. d6 Bd8 44. Nxe5 {[%emt 0:00:00] Active counter play!} Qe8 45. Qxe8+ Nxe8 46. Nc6 {[%emt 0:00:00] Pair of Knights!} Ra8 47. Bxf4 ({Don't take} 47. Nxd8 Bxh3 48. gxh3 Rxd8 $18) 47... Be6 48. Nxd8 Rxd8 49. axb6 Rb7 50. e5 axb6 51. Rc1 Ng7 52. Bg5 Rf8 53. Rcb1 Rfb8 54. Be3 Bf5 55. Rd1 Be6 56. Rc1 Bf5 57. Nf4 Ne6 58. Nd5 Kf7 59. Ne7 Bh7 60. f4 Nd4 (60... Ke8 $142 61. Rd1 Rd8) 61. Bxd4 cxd4 62. Nc6 Rc8 63. Nxd4 {[%emt 0:00:17][%cal Oc4c5] And now c5! would win.} Bd3 64. c5 Be4 65. Kh2 Rxc5 66. Rxc5 bxc5 67. Rxb7+ Bxb7 {[%emt 0:00:02] KB-KN} 68. Nb5 (68. d7 $142 Ke7 69. Ne6 $1 Kxd7 70. Nxc5+ Kc8 71. Nxb7 Kxb7 72. Kh3 Kc7 73. Kxh4) 68... Bc8 69. Kg1 Bf5 70. Kf2 (70. Nc7 $142 c4 71. Kf2) 70... Ke6 71. Nc7+ Kd7 72. Nd5 Ke6 73. Ne3 Be4 74. f5+ Kd7 75. g4 hxg3+ 76. Kxg3 c4 77. Nxc4 Bxf5 78. Kf4 Bh3 79. Ke4 Kc6 80. Kd4 Be6 81. Nd2 Bh3 82. Ne4 Bg4 83. Ng5 Bf5 84. Nf7 Bh3 85. Ng5 $2 (85. Ke4 Bc8 86. Ng5 Bd7 87. Nh7 Bg4 88. Nf8 Bh3 89. Kf4 Bg2 90. Kf5 Bh3+ 91. Kf6) 85... Bg4 $2 (85... Bf5 $11 86. Ne4 Bh3) 86. Ne4 Bh3 87. Nf2 Bf5 88. Nd3 Bh3 89. Nb4+ Kb5 90. Nd5 Kc6 91. Ne7+ Kd7 92. Kc5 Ke6 93. Nc6 Bg4 94. Kb6 Bh5 95. Nb4 $2 (95. Nd4+ {mates} Kd7 96. Kc5 Be8 97. e6+ Kd8 98. Nc6+ Kc8 99. Ne7+ Kd8 100. Nd5) 95... Bg4 $2 {[%emt 0:00:51][%mdl 8192] [#]} (95... Kxe5 {is a self mate.} 96. d7 Bg6 97. d8=Q Kf5 98. Qh8 Ke6 99. Nc6 Bb1 100. Qg7) (95... Be8 $11) 96. Nd3 $1 {[%emt 0:00:34] White mates.} Bf5 {[%emt 0:00:41] [#]} 97. Kc7 $1 Bxd3 98. d7 {[%emt 0:00:07] Weighted Error Value: White=0.32/Black=0.36} 1-0

[Event "24th Hoogeschool Zeeland 2022"]
[Site "Vlissingen"]
[Date "2022.08.09"]
[Round "5.19"]
[White "Lefebvre, Herve"]
[Black "Shakhverdian, William"]
[Result "0-1"]
[ECO "C45"]
[WhiteElo "2212"]
[BlackElo "2040"]
[Annotator "TA"]
[PlyCount "70"]
[EventDate "2022.08.05"]
[EventType "swiss"]
[EventCountry "NED"]
[SourceTitle "playchess.com"]
[Source "ChessBase"]
[SourceQuality "1"]
[TimeControl "40/5400+30:1800+30"]

1. e4 e5 2. Nf3 Nc6 3. d4 exd4 4. Nxd4 Nf6 5. Nxc6 bxc6 6. e5 Qe7 7. Qe2 Nd5 8. h4 a5 {[%emt 0:00:05][%cal Ba7a5,Ba5a4,Ba4a3][%mdl 32] C45: Scotch Game.} 9. c4 Ba6 (9... Nb6 $5 ) 10. Rh3 Nb6 {[%emt 0:07:01] The position is equal.} 11. b3 {[%emt 0:00:04] [#]} O-O-O $146 (11... a4 {is more appropriate.}) ({Predecessor:} 11... Qe6 12. Nc3 a4 13. Bb2 a3 14. Bc1 Bb4 15. Bd2 O-O 16. O-O-O Rfe8 17. f4 d5 18. exd6 Bxc3 19. Bxc3 Qxe2 20. Bxe2 Rxe2 21. dxc7 {1-0 (33) Nepomniachtchi,I (2789)-Krzyzanowski,M (2503) Chess.com INT 2021}) 12. Bb2 a4 13. Nc3 a3 14. Bc1 Re8 15. Bf4 f6 16. Re3 {[%emt 0:02:24] [#] And now exf6 would win.} Qf7 17. O-O-O ({Wrong is} 17. exf6 $2 Bb4 18. O-O-O Bxc3 $19) 17... Bb4 (17... fxe5 {keeps more tension.} 18. Bxe5 Bb4 19. Qd2 d6) 18. Qc2 {[%emt 0:02:04][%cal Oe5e6] Threatens to win with e6!} fxe5 19. Bxe5 d6 (19... Rhf8 $5 20. Re4 Bb7 $15) 20. Bd4 (20. Rf3 $11 {should be considered.} Qe7 21. Bg3) 20... c5 $17 21. Rf3 Qd7 22. Be3 Bb7 23. Rg3 g6 24. Be2 (24. Kb1 $15) 24... Qg7 $36 {[%emt 0:00:12][%mdl 2048] Black is really pushing.} 25. Bg4+ (25. Rd3 $17) 25... Kb8 $19 26. Bd2 Rhf8 27. Be1 (27. f4 {was necessary.}) 27... h5 28. Bh3 (28. Be2 {keeps fighting.}) 28... Qh6+ (28... d5 $142 29. Qxg6 Qxg6 30. Rxg6 d4) 29. Rg5 $2 (29. Bd2 {nothing else works.} Qh8 30. f3) 29... Qh8 {[%emt 0:00:06][%cal Oe8e1] [#] ...Rxe1! is the strong threat.} 30. Rg3 Qf6 31. Rxg6 Qxh4 32. Re6 $2 (32. Rg3 {was the crucial defense.}) 32... Rxe6 33. Bxe6 Re8 34. g3 $2 (34. Qg6 Qe7 35. Bf7) 34... Qf6 35. Bh3 Bf3 {[%emt 0:00:20] Weighted Error Value: White=0.82/Black=0.35} 0-1

[Event "24th Hoogeschool Zeeland 2022"]
[Site "Vlissingen"]
[Date "2022.08.09"]
[Round "5.20"]
[White "Nieuwelink, Kees"]
[Black "Van der Borgt, Peter"]
[Result "1-0"]
[ECO "B32"]
[WhiteElo "2200"]
[BlackElo "1959"]
[Annotator "TA"]
[PlyCount "83"]
[EventDate "2022.08.05"]
[EventType "swiss"]
[EventCountry "NED"]
[SourceTitle "playchess.com"]
[Source "ChessBase"]
[SourceQuality "1"]
[TimeControl "40/5400+30:1800+30"]

1. e4 c5 2. Nf3 Nc6 3. d4 cxd4 4. Nxd4 e5 5. Nb5 a6 6. Nd6+ Bxd6 7. Qxd6 Qf6 8. Qd1 Nge7 9. Nc3 Qg6 10. Be3 d5 11. Nxd5 (11. exd5 $16 Nb4 12. Bd3 (12. Rc1 Bf5 $17) 12... Nxd3+ 13. Qxd3) 11... Nxd5 $11 {[%emt 0:00:19] B32: Sicilian: Löwenthal and Kalashnikov Variations.} 12. Qxd5 Be6 13. Qc5 $1 {[%emt 0:01:54] 13.Qc5 is better than 13.Qd2.} Rc8 (13... Qxe4 $11 14. O-O-O Rc8) 14. Bd3 $1 $14 ({Inferior is} 14. f3 Nd4 15. Bxd4 Rxc5 16. Bxc5 f5 17. exf5 Bxf5 $17) 14... Nd4 15. Qxe5 (15. Qd6 {looks sharper.} Rc6 16. Qxe5 Nxc2+ 17. Bxc2 Rxc2 18. Bc5) 15... Nxc2+ 16. Bxc2 Rxc2 17. Bc5 {[%emt 0:06:22] [#] Intending Qb8+ and mate.} Rxc5 $146 {[%emt 0:06:39] White now steadily converts the win.} ({Predecessor:} 17... Qf6 18. Qxf6 gxf6 19. Bd4 Rg8 20. g3 Rc4 21. Bxf6 Rxe4+ 22. Kd2 Rg6 23. Bc3 Bc4 24. Rhe1 Rge6 25. Rxe4 {½-½ (25) Illes,I (2097)-Skreno,V (2115) Slovakia 2001}) 18. Qxc5 $18 {[%emt 0:00:11] aiming for 0-0.} Qxe4+ {[%emt 0:00:07] [#]} 19. Kf1 $1 ({Don't play} 19. Qe3 $6 Qxg2 20. O-O-O O-O $14) 19... Bh3 (19... b6 $142 20. Qxb6 O-O) 20. Rg1 Qd3+ 21. Ke1 Kd7 {[%emt 0:00:36] ( -> ...Re8+)} 22. Rd1 Re8+ {[%emt 0:22:16] [#]} 23. Qe3 $3 Rxe3+ 24. fxe3 {[%emt 0:00:07] Dancing on a razor blade.} Qxd1+ 25. Kxd1 {[%emt 0:00:08][%mdl 4096] Endgame KR-KB} Be6 26. a3 h5 27. Ke2 Kd6 28. Rd1+ Ke5 29. Rd4 Bd5 30. g3 g6 31. Kd3 f5 32. Kc3 g5 33. Kb4 Be4 34. Kc5 h4 35. b4 h3 (35... Bf3 $142 36. gxh4 f4 37. exf4+ gxf4) 36. Rd7 {[%emt 0:00:00] Threatens to win with Re7+.} Bc6 37. Re7+ Kf6 38. Kd6 f4 39. exf4 gxf4 40. gxf4 Kf5 41. Rf7+ Kg6 42. Rf8 {[%emt 0:02:17] Weighted Error Value: White=0.05 (flawless) /Black=0.63} 1-0

[Event "24th Hoogeschool Zeeland 2022"]
[Site "Vlissingen"]
[Date "2022.08.09"]
[Round "5.21"]
[White "Boeren, Jurriaan"]
[Black "Van der Kaap, Jos"]
[Result "0-1"]
[ECO "B32"]
[WhiteElo "1845"]
[BlackElo "2187"]
[Annotator "TA"]
[PlyCount "88"]
[EventDate "2022.08.05"]
[EventType "swiss"]
[EventCountry "NED"]
[SourceTitle "playchess.com"]
[Source "ChessBase"]
[SourceQuality "1"]
[TimeControl "40/5400+30:1800+30"]

1. e4 c5 2. Nf3 Nc6 3. d4 cxd4 4. Nxd4 e5 5. Nb5 d6 6. N1c3 a6 7. Na3 Be7 8. Nc4 b5 {[%emt 0:00:54] B32: Sicilian: Löwenthal and Kalashnikov Variations.} 9. Ne3 ({But not} 9. Qd5 Bb7 10. Ne3 Nf6 $11) 9... Nf6 10. Ned5 O-O {[%emt 0:03:24] The position is equal.} 11. Be2 {[%emt 0:03:55] [#]} Nd4 $146 ({Predecessor:} 11... Nxd5 12. Nxd5 Bg5 13. O-O Bxc1 14. Rxc1 Be6 15. c3 Ne7 16. Nxe7+ Qxe7 17. a4 bxa4 18. Qxa4 {1-0 (79) Rogic,D (2523)-Jankovic,A (2540) Stari Mikanovci 2009}) 12. Be3 Nxe2 13. Qxe2 ({Don't play} 13. Kxe2 Nxd5 14. Nxd5 f5 15. exf5 (15. Nxe7+ Qxe7 16. exf5 Bxf5 $17) 15... Bxf5 $17) 13... Be6 14. Rd1 (14. O-O-O $11) 14... Nxd5 $17 15. Nxd5 Bxd5 16. Rxd5 {[%emt 0:01:49] [#]} Qa5+ $1 17. c3 Qxa2 18. O-O f5 19. Bc1 Rac8 20. Rfd1 (20. Rd3 $17 {was necessary.}) 20... Rxc3 $1 $19 21. Qd2 Rc7 22. exf5 Rfc8 23. Rd3 b4 {[%emt 0:00:00] ...Qb1 is the strong threat.} 24. g4 $2 (24. Qe1 {is tougher.}) 24... Qb1 25. Rxd6 (25. Qxb4 $142 Rxc1 26. Qb3+ Kh8 27. Kg2 Rxd1 28. Rxd1 Qe4+ 29. Qf3) 25... Bxd6 (25... Rxc1 $142 26. Kg2 Bxd6 27. Qd5+ Kh8 28. Rxc1 Qxc1 29. Qxd6 Qc6+ 30. Qxc6 Rxc6) 26. Qd5+ Rf7 27. Be3 Qxb2 28. g5 {[%emt 0:00:37] [#]} (28. Qxd6 $142 Qe2 29. h3) 28... Qc2 $1 29. Qxd6 (29. Rd3 b3) 29... Qxf5 30. Qxb4 {[%emt 0:00:11] [#]} Rb7 $3 31. Qa4 (31. Qd2 Qg4+) 31... Qe6 32. Qe4 Rb5 33. f3 (33. Ra1 $142) 33... Rcb8 34. Ba7 Rc8 ({Black should play} 34... Rf8 $19 35. Rc1 Qf5 36. Qc4+ Kh8) 35. Bf2 $2 (35. Be3 $11 a5 36. Kf2) 35... Qg6 36. Qe3 Rb1 37. Rxb1 Qxb1+ {[%emt 0:00:06][%mdl 4096] Endgame KQR-KQB} 38. Kg2 Qb2 39. Kh3 Qc3 {[%emt 0:03:26] And now ...Qxe3 would win.} 40. Qe4 Rf8 41. Bg3 (41. Kg3 $142) 41... Qxf3 42. Qc4+ Kh8 43. Qxa6 e4 {[%emt 0:00:49] ( -> ...e3)} 44. g6 Qf5+ {[%emt 0:00:22] White did not feel at home in the position after the opening.  Weighted Error Value: White=0.92/Black=0.56} (44... hxg6 $142 45. Qe6 Rf5 46. Qxg6 Rf6 47. Qxf6 gxf6 48. Kh4 Kh7 49. Bc7 Kg6 50. Bb8 f5 51. h3 f4 52. Be5 Qh5#) 0-1

[Event "24th Hoogeschool Zeeland 2022"]
[Site "Vlissingen"]
[Date "2022.08.09"]
[Round "5.22"]
[White "Honkoop, Gilian"]
[Black "Lacrosse, Marc"]
[Result "1/2-1/2"]
[ECO "E05"]
[WhiteElo "2205"]
[BlackElo "2003"]
[Annotator "TA"]
[PlyCount "111"]
[EventDate "2022.08.05"]
[EventType "swiss"]
[EventCountry "NED"]
[SourceTitle "playchess.com"]
[Source "ChessBase"]
[SourceQuality "1"]
[TimeControl "40/5400+30:1800+30"]

1. d4 d5 2. Nf3 Nf6 3. c4 e6 4. g3 Be7 5. Bg2 O-O 6. O-O dxc4 7. Qc2 a6 8. a4 Bd7 9. Qxc4 Bc6 10. Bf4 Nbd7 11. Nc3 {[%emt 0:02:07] 11.Qc1 is the fancy move.} Rc8 {[%emt 0:14:29] E05: Open Catalan: 5 Nf3 Be7.} 12. Rfe1 Nb6 13. Qb3 {[%emt 0:03:37] [#]} Bd5 $146 {[%emt 0:10:41] White is slightly better.} ({Predecessor:} 13... a5 14. e4 Bb4 15. Qc2 Qe7 16. Ne5 Rfd8 17. Nxc6 bxc6 18. Rad1 h6 19. Re2 c5 {½-½ (51) Kachiani Gersinska,K (2365)-Bojkovic,N (2270) Smederevska Palanka 1990}) 14. Nxd5 {[%emt 0:16:44] White is more active.} Qxd5 15. Qd3 Qc4 16. Ne5 Qxd3 17. Nxd3 c6 18. Rec1 Rfd8 19. Bd2 Nbd5 20. Ba5 b6 21. Bd2 c5 22. dxc5 bxc5 23. Ba5 {[%emt 0:00:53] A strong pair of Bishops.} Re8 24. e4 Nb4 25. Bxb4 (25. Ne5 $14) 25... cxb4 $11 26. e5 {[%emt 0:00:02] aiming for Rxc8.} Nd5 27. Bxd5 exd5 28. Rxc8 (28. Nf4 $5 ) 28... Rxc8 {[%emt 0:00:05][%mdl 4096] Endgame KRB-KRN} 29. Rc1 Rc4 30. b3 Rc3 31. Rxc3 bxc3 {[%emt 0:00:04] KB-KN} 32. Kf1 c2 $2 (32... Kf8 $11 {and Black stays safe.}) 33. Ke2 $18 Bb4 34. Nc1 Bc5 35. f3 Kf8 36. Kd3 Bg1 37. Kxc2 $2 (37. h3 $1 $18) 37... Bxh2 $11 38. Ne2 h5 $2 {[%emt 0:01:21][%mdl 8192] [#]} (38... g5 $1 $11) 39. f4 $1 $18 Ke7 40. Kd3 {[%emt 0:00:12] Threatens to win with b4.} Ke6 (40... a5 $142 41. Ke3 f6) 41. Ke3 g5 42. Kf3 ({Better is} 42. fxg5 $18 Kxe5 43. b4) 42... h4 $2 (42... gxf4 $11 43. Nxf4+ (43. gxf4 a5 $11) 43... Kxe5) 43. gxh4 gxh4 44. b4 $2 (44. Kg2) 44... d4 $2 (44... h3 45. Kg4 Bg1 46. f5+ (46. Nxg1 $2 h2 $19) (46. Kxh3 Bb6 $16) 46... Kd7 47. Kxh3 (47. Nxg1 $2 h2 $19) 47... Ba7) 45. Nxd4+ Kd5 {[%emt 0:00:14] [#]} 46. b5 $1 axb5 {[%emt 0:01:31] [#]} 47. axb5 $2 h3 $1 $11 {[%emt 0:03:54] The position is equal.} (47... Kxd4 $2 48. b6 h3 49. b7 Bxf4 50. b8=Q $18 (50. Kxf4 h2 $11)) 48. Ne2 {[%emt 0:05:25] Hoping for Kg4.} Kc5 49. Kg4 Bxf4 $1 50. Kxf4 {[%emt 0:09:09] KN-KPP} h2 51. Ng3 Kxb5 52. Ke4 Kc5 53. Nh1 Kc4 54. Ng3 Kc5 55. Nh1 Kc4 56. Ng3 {[%emt 0:00:03] Black defended with fortune.  Weighted Error Value: White=0.40/Black=0.43} 1/2-1/2

[Event "24th Hoogeschool Zeeland 2022"]
[Site "Vlissingen"]
[Date "2022.08.09"]
[Round "5.23"]
[White "Grochal, Joey"]
[Black "Boulahfa, Hicham"]
[Result "1-0"]
[ECO "A41"]
[WhiteElo "2290"]
[BlackElo "2090"]
[Annotator "TA"]
[PlyCount "57"]
[EventDate "2022.08.05"]
[EventType "swiss"]
[EventCountry "NED"]
[SourceTitle "playchess.com"]
[Source "ChessBase"]
[SourceQuality "1"]
[TimeControl "40/5400+30:1800+30"]

1. d4 d6 2. Bg5 g6 3. Nd2 Bg7 4. c3 Nd7 5. e4 c6 {[%emt 0:00:32] [#]} 6. a4 $146 {[%emt 0:05:11] A41: 1 d4 d6: Tartakower System and Modern Defence.} ({Predecessor:} 6. f4 Qc7 7. Ngf3 Ngf6 8. Bd3 h6 9. Bxf6 Nxf6 10. O-O Nh5 11. Nh4 e5 12. dxe5 dxe5 {1-0 (22) Pavlovicius,V (2191)-Kasoshvili,T (2144) Vilnius 2014}) 6... Ngf6 7. Bd3 O-O 8. Ngf3 {[%emt 0:02:02] White has an edge.} Qc7 9. a5 e5 10. h3 Re8 (10... d5 $5 ) 11. O-O d5 12. Bxf6 (12. dxe5 {with more complications.} Nxe5 13. Nxe5 Qxe5 14. f4) 12... Nxf6 (12... Bxf6 {seems wilder.} 13. Re1 Qd8 14. Qc1 a6) 13. dxe5 (13. Nxe5 Nxe4 14. Bxe4 (14. Nxe4 dxe4 15. Bxe4 Bxe5 $15) 14... dxe4 $11) 13... Nxe4 14. Bxe4 ({Of course not} 14. Nxe4 $6 dxe4 15. Bxe4 Bxe5 $11) 14... dxe4 15. Nxe4 Bxe5 16. Nxe5 Rxe5 {[%emt 0:12:52] Loses the game.} (16... Qxe5 $16 17. Re1 Bf5) 17. Nf6+ $18 Kh8 $2 (17... Kg7 {is a better chance.}) 18. Qd4 c5 19. Qh4 {[%emt 0:02:11][%csl Gf6][%cal Rh4h7] [#]} h5 20. Qf4 g5 21. Qf3 {[%emt 0:00:28] Hoping for Rae1.} Be6 22. Rfe1 h4 23. a6 ({Not} 23. Qh5+ Kg7 24. f4 (24. Rxe5 Qxe5 25. Ng4 Bxg4 $11) 24... Rxe1+ 25. Rxe1 Qxf4 26. Qh7+ Kxf6 $14) 23... Rb8 24. axb7 $40 {[%emt 0:00:37][%mdl 128] Black is in trouble.} (24. Re3) 24... Rf5 $2 (24... Rxe1+ $18 25. Rxe1 Qf4) 25. Qh5+ Kg7 {[%emt 0:00:06] [#]} 26. Rxe6 {[%emt 0:00:10][%mdl 512] White mates.} Rxf6 (26... fxe6 27. Qh7+) 27. Qxg5+ Rg6 28. Rxg6+ fxg6 29. Ra6 {[%emt 0:00:16] Weighted Error Value: White=0.27 (precise) /Black=0.65} 1-0

[Event "24th Hoogeschool Zeeland 2022"]
[Site "Vlissingen"]
[Date "2022.08.09"]
[Round "5.24"]
[White "Mensing, Adrian"]
[Black "Van Baar, Esper"]
[Result "1-0"]
[ECO "E04"]
[WhiteElo "1956"]
[BlackElo "2281"]
[Annotator "TA"]
[PlyCount "105"]
[EventDate "2022.08.05"]
[EventType "swiss"]
[EventCountry "NED"]
[SourceTitle "playchess.com"]
[Source "ChessBase"]
[SourceQuality "1"]
[TimeControl "40/5400+30:1800+30"]

1. d4 Nf6 2. c4 e6 3. g3 d5 4. Bg2 dxc4 5. Nf3 c6 6. O-O b5 7. Ne5 {[%emt 0:00:47] E04: Open Catalan: 5 Nf3.} Bb7 8. a4 a6 9. b3 {[%emt 0:00:29] The position is equal.} cxb3 10. Bb2 {[%emt 0:00:09] 10.Qxb3 is more fashionable.} Qc8 {[%emt 0:10:12] [#]} 11. Nd2 $146 ({Predecessor:} 11. Qxb3 Nbd7 12. Rc1 Nxe5 13. dxe5 Nd5 14. Nc3 Nxc3 15. Bxc3 Be7 16. Bb4 c5 17. Bxb7 Qxb7 18. Bxc5 Bxc5 19. Rxc5 {½-½ (25) Skatchkov,V (2283)-Somkin,K (2189) Cheliabinsk 2021}) 11... Nfd7 12. Qxb3 (12. Nxb3 Nxe5 13. dxe5 c5 14. Bxb7 (14. axb5 Bxg2 15. Kxg2 axb5 $17) 14... Qxb7 $11) 12... Nb6 $2 (12... Nxe5 $11 {and Black stays safe.} 13. dxe5 Nd7) 13. a5 $2 (13. Qf3 $6 Qc7) (13. axb5 $18 axb5 14. Qf3) 13... Na4 (13... N6d7 $16 {keeps fighting.}) 14. Ba3 (14. Rxa4 $18 bxa4 15. Qxa4) 14... c5 $14 15. d5 (15. Ne4 $14) 15... f6 $15 16. Qf3 $1 {[%emt 0:16:16] aiming for Qh5+.} fxe5 17. Qh5+ Kd8 18. Qxe5 (18. Qg5+ $1 $15 Ke8 19. Qh5+ Ke7 20. dxe6 Bxg2 21. Qf7+ Kd8 22. Kxg2) 18... Nd7 19. Qxe6 Nf6 20. Qe3 Bd6 (20... Nxd5 21. Bxd5 Bxd5 22. Qg5+ Kc7 23. Qxd5 $14) 21. Qg5 Qg4 22. Ne4 (22. Qxg4 {only move.} Nxg4 23. Ne4) 22... Qxg5 $19 23. Nxg5 Ke7 (23... Nxd5 24. Rfd1 Nac3 25. e4 $17) 24. e4 Be5 25. Ra2 Rac8 26. Bh3 Rb8 27. Be6 Rhf8 {[%emt 0:04:45] Against Nf7} 28. Kg2 h6 29. Nf3 Bc3 30. Nh4 Rfe8 (30... Nxe4 $142 31. Re2 Ng5 32. Ng6+ Kd6 33. Nxf8 Rxf8) 31. Ng6+ $2 (31. f3 {is a better defense.}) 31... Kd8 {[%emt 0:00:33][%cal Oe8e6] Threatens to win with ...Rxe6!} 32. f3 {[%emt 0:02:57] [#]} Kc7 (32... Nxe4 $142 $1 33. Bf7 (33. fxe4 $2 Rxe6 34. Rf8+ Re8 $19) 33... Nf6 34. Bxe8 Kxe8) 33. Bc1 {[%emt 0:00:26] And now Bf4+ would win.} Bc8 ({Black should try} 33... Bxa5 $19 {[%cal Oe8e6] Hoping for ...Rxe6!} 34. Bf4+ Kb6 35. Bxb8 Rxb8) 34. Bf4+ Kb7 35. Bf7 {[%emt 0:00:21] [#]} Rd8 $1 36. Ne7 (36. Rb1 Bb4) 36... Bd7 {[%emt 0:00:29] Inhibits Nc6.} ({Don't do} 36... Bxa5 37. Nc6 (37. Bxb8 Rd7 $14) 37... Bd7 38. Nxa5+ (38. Nxb8 Rxb8 39. Bxb8 Kxb8 $18) 38... Kb6 39. Rxa4 (39. Bxb8 Rxb8 40. Rxa4 bxa4 $16) 39... bxa4 40. Nc4+ (40. Bxb8 Rxb8 41. Nc4+ Kc7 $16) 40... Ka7 41. Bxb8+ Rxb8 42. e5 $18) 37. e5 $2 (37. Rb1 Rf8 38. Bg6) 37... g5 38. e6 gxf4 39. gxf4 Be8 40. Rd1 Bxf7 41. exf7 Rd7 42. d6 Rf8 43. Ng6 Rfxf7 44. Ne5 Rg7+ 45. Kh3 Bxe5 46. fxe5 Nc3 {[%emt 0:00:29] ( -> ...Nh5)} 47. exf6 Rgf7 48. Re1 Nxa2 {[%emt 0:00:12] Black mates.} 49. Re7 c4 50. Kg4 c3 51. Kf5 c2 52. Ke6 {[%emt 0:00:12] [#]} c1=Q $1 53. Rxd7+ {[%emt 0:00:31][%mdl 32768] Weighted Error Value: White=0.84/Black=0.39. Loss on time!?} 1-0

[Event "24th Hoogeschool Zeeland 2022"]
[Site "Vlissingen"]
[Date "2022.08.10"]
[Round "6.1"]
[White "Santiago, Yago De Moura"]
[Black "Ponomariov, Ruslan"]
[Result "1/2-1/2"]
[ECO "D37"]
[WhiteElo "2513"]
[BlackElo "2642"]
[Annotator "TA"]
[PlyCount "54"]
[EventDate "2022.08.05"]
[EventType "swiss"]
[EventCountry "NED"]
[SourceTitle "playchess.com"]
[Source "ChessBase"]
[SourceQuality "1"]
[TimeControl "40/5400+30:1800+30"]

1. d4 Nf6 2. c4 e6 3. Nf3 d5 4. Nc3 Be7 5. Bf4 O-O 6. a3 {[%emt 0:01:21] D37: Queen's Gambit Declined: 5 Bf4.} b6 7. Qc2 c5 (7... dxc4 $142 8. e4 Nc6) 8. Rd1 $11 {[%emt 0:17:58] White has an edge.} Bb7 9. cxd5 exd5 10. e3 Nbd7 11. Bd3 {[%emt 0:02:44] [#]} g6 $146 ({Predecessor:} 11... a6 12. a4 Re8 13. O-O g6 14. Ne5 Rc8 15. Qe2 c4 16. Bb1 Nh5 17. Bh6 Nxe5 18. dxe5 {½-½ (46) Grischuk,A (2777)-Radjabov,T (2765) chess24.com INT 2020}) 12. dxc5 bxc5 13. O-O Qb6 14. Be2 Rfd8 15. Na4 Qc6 16. Ne5 Nxe5 17. Bxe5 Rac8 ({Don't do} 17... d4 18. Bf3 Qb5 19. Bxb7 (19. exd4 Bxf3 20. gxf3 cxd4 $17) 19... Qxb7 20. exd4 $16 (20. Nxc5 Bxc5 21. Bxf6 Rdc8 $16)) 18. Bf3 Ne4 19. Bxe4 dxe4 20. b3 Ba6 {[%emt 0:04:21] [#] And now ...Bd3 would win. A strong pair of Bishops.} 21. Rxd8+ Rxd8 22. Rc1 Qd5 {[%emt 0:00:59] Inhibits Bd4.} 23. Bc3 Bd3 24. Qb2 Bb5 25. h3 Bxa4 26. bxa4 Bf8 27. a5 Qc6 {[%emt 0:02:28] Weighted Error Value: White=0.07 (flawless) /Black=0.06 (flawless)} 1/2-1/2